 Dungeon Crawl Stone Soup version 0.32-a0-995-gb4a59205af (webtiles) character file.

Game seed: 6239080247009085997

71 jasper the Changeling (level 4, -2/48 HPs)
             Began as a Demonspawn Shapeshifter on Apr 22, 2024.
             Slain by an iguana (7 damage)
             ... on level 3 of the Dungeon.
             The game lasted 00:01:56 (1738 turns).

jasper the Changeling (Demonspawn Shapeshifter)     Turns: 1738, Time: 00:01:57

Health: -2/48      AC: 22    Str: 16    XL:     4   Next: 5%
Magic:  4/4        EV:  2    Int: 11    God:
Gold:   94         SH:  0    Dex: 12    Spells: 3/3 levels left

rFire   . .          .
                       - Unarmed
rCold   . . .        (no shield)
rNeg    . . .        o - melded +0 scale mail
rPois   +            (helmet currently unavailable)
rElec   .            (cloak currently unavailable)
rCorr   .            (gloves currently unavailable)
SInv    .            (boots currently unavailable)
Will    .....        (no amulet)
Stlth   +            (no ring)
HPRegen 0.28/turn    (no ring)
MPRegen 0.09/turn

%: no passive effects
@: tree-form
A: stationary, stasis, torment immunity, boosted hp, (spiny 1)
a: no special abilities


You were on level 3 of the Dungeon.
You were a tree.
You visited 1 branch of the dungeon, and saw 3 of its levels.

You collected 94 gold pieces.

Inventory:

Missiles
 e - 7 stones (quivered)
Armour
 a - a +0 animal skin
 o - a +0 scale mail (melded)
Jewellery
 f - a +6 ring of intelligence
Talismans
 c - a beast talisman (active)
 d - a flux talisman
 p - a blade talisman
Scrolls
 g - 3 scrolls of blinking
 j - a scroll of teleportation {unknown}
 l - a scroll of amnesia
 m - a scroll of fog {unknown}
 n - a scroll of revelation
Potions
 h - a potion of magic {unknown}
 i - a potion of haste {unknown}
 k - 2 potions of attraction {unknown}


   Skills:
 - Level 1.0 Fighting
 - Level 1.7 Dodging
 - Level 2.6 Unarmed Combat
 + Level 4.2 Shapeshifting


You had 3 spell levels left.
You didn't know any spells.
Your spell library was empty.

Dungeon Overview and Level Annotations

Branches:
Dungeon (3/15)

Altars:


Innate Abilities, Weirdness & Mutations

You are a tree.
Your roots penetrate the ground, keeping you stationary.
You cannot be teleported.
You are immune to unholy pain and torment.
Your maximum health is greatly increased.
Your equipment is partially melded.
((You are partially covered in sharp spines.))


Message History

You closely miss the iguana.
The iguana is lightly wounded.
The iguana is struck by your spines. The iguana bites you.
You take 1 damage, and have 20/32 hp.
You hit the iguana but do no damage.
The iguana is moderately wounded.
The iguana bites you.
You take 6 damage, and have 14/32 hp.
You hit the iguana.
The iguana is heavily wounded.
The iguana is struck by your spines. The iguana bites you.
* * * LOW HITPOINT WARNING * * *
You take 6 damage, and have 8/32 hp.
You hit the iguana.
The iguana is severely wounded.
The iguana bites you.
* * * LOW HITPOINT WARNING * * *
You take 2 damage, and have 6/32 hp.
Your transformation has ended.
You turn into a tree.
Your +0 scale mail melds into your body.
Your roots penetrate the ground.
An endoplasm comes into view.
The iguana bites you but does no damage.
You now have 10/48 hp.
You closely miss the iguana.
The iguana is severely wounded.
You barely miss the iguana.
The iguana is severely wounded.
The iguana bites you.
* * * LOW HITPOINT WARNING * * *
You take 5 damage, and have 5/48 hp.
You closely miss the iguana.
The iguana is severely wounded.
The endoplasm quivers.
The iguana bites you but does no damage.
You closely miss the iguana.
The iguana is severely wounded.
The iguana bites you!
You die...

#.###..####[†. #.#..
##....## . #... #..#####
.. ##.# ###.####.. #..
##..###........#
....#####.......#..#####
......†...#.#####.##
......##..#.# #.#
.###..l♣....# #.#
##..####.#####<# .....
#.......# #.....
#.#.....#### #.....J
..#.###....# #...... # #
####.# #...... #....##
##..... #.....##
#......#


You could see an iguana and an endoplasm.

Vanquished Creatures
  2 adders
  4 dart slugs
  5 ball pythons
  3 bats
  4 endoplasms
  4 goblins (D:1)
  3 hobgoblins
  2 jackals (D:1)
  3 kobolds (D:1)
  8 quokkas
  2 frilled lizards
  2 rats
42 creatures vanquished.

Notes
Turn   | Place    | Note
-------+----------+-------------------------------------------
     0 | D:1      | jasper the Demonspawn Shapeshifter began the quest for the
                  | Orb.
     0 | D:1      | Reached XP level 1. HP: 15/15 MP: 1/1
    83 | D:1      | Reached skill level 3 in Shapeshifting
   175 | D:1      | Gained mutation: You are partially covered in sharp spines.
                  | [demonic ancestry]
   175 | D:1      | Reached XP level 2. HP: 14/21 MP: 2/2
   358 | D:1      | Reached XP level 3. HP: 26/26 MP: 3/3
   790 | D:2      | Reached skill level 4 in Shapeshifting
  1713 | D:3      | Reached XP level 4. HP: 30/32 MP: 4/4
  1738 | D:3      | Slain by an iguana

Illustrated notes

Levels and vault maps discovered:
D:1:      minmay_arrival_arboretum_small, layout_loops_cross
D:2:      layout_basic
D:3:      layout_rooms, marbit_many_paths, nicolae_ecumenical_pavilion

Skill      XL: |  1  2  3 |
---------------+----------+-----
Shapeshifting  | 3 4 |  4.2
Fighting       | |  1.0
Dodging        | |  1.7
Unarmed Combat | |  2.6

Action                     |  1- 3 |  4- 6 || total
---------------------------+-------+-------++-------
  Melee: Unarmed           |    85 |    12 ||    97
         Punch             |     1 |       ||     1
    Use: Scroll            |     4 |       ||     4
         Potion            |       |     1 ||     1
 Armour: Animal skin       |    45 |       ||    45
         Scale mail        |     7 |     7 ||    14
         Skin              |       |     4 ||     4
  Dodge: Dodged            |    37 |     1 ||    38

Table legend: (Time is in decaauts)
 A = Elapsed time spent in this place.
 B = Non-inter-level travel time spent in this place.
 C = Inter-level travel time spent in this place.
 D = Time resting spent in this place.
 E = Time spent auto-exploring this place.
 F = Levels seen in this place.
 G = Mean time per level.
                   A        B        C        D        E       F      G
               +--------+--------+--------+--------+--------+-----+--------+
         Total |   1733 |   1667 |     66 |     72 |   1258 |   3 |  577.7 |
       Dungeon |   1733 |   1667 |     66 |     72 |   1258 |   3 |  577.7 |
               +--------+--------+--------+--------+--------+-----+--------+

Top non-repeatable levels by time:
     D:2: 881 daAuts
     D:1: 729 daAuts
     D:3: 122 daAuts
